 Dungeon Crawl Stone Soup version 0.20.1-1-g8b1a95d (webtiles) character file.

30487 Gargoyl the Cleaver (level 13, -2/124 HPs)
             Began as a Minotaur Abyssal Knight on Oct 25, 2017.
             Was a High Priest of Lugonu.
             Slain by an entropy weaver (10 damage)
             ... on level 5 of the Lair of Beasts.
             The game lasted 00:33:28 (16442 turns).

Gargoyl the Cleaver (Minotaur Abyssal Knight)      Turns: 16442, Time: 00:33:29

Health: -2/124     AC:  4    Str: 19    XL:     13   Next: 20%
Magic:  29/38      EV:  9    Int: 14    God:    Lugonu [*****.]
Gold:   783        SH: 12    Dex: 13    Spells: 12/12 levels left

rFire    + . .     SeeInvis +   y - +2 war axe (holy)
rCold    . . .     Gourm    .   J - +2 shield
rNeg     . . .     Faith    .   n - +4 chain mail {rF+}
rPois    .         Spirit   .   u - +3 hat of Pondering {ponderous, MR+ MP+10 Int+5}
rElec    .         Reflect  .   K - +0 cloak
rCorr    .         Harm     .   t - +2 pair of gloves
MR       +....                  h - +2 pair of boots
Stlth    ..........             L - amulet of regeneration
Regen    0.7/turn               p - ring of see invisible
MPRegen  0.3/turn               F - ring of magical power

@: corroded, slow
A: retaliatory headbutt, horns 2, molten scales 1, yellow scales 1, robust 1,
wild magic 1
a: Depart the Abyss, Bend Space, Banish, Corrupt, Enter the Abyss, Renounce
Religion


You were on level 5 of the Lair of Beasts.
You worshipped Lugonu.
Lugonu was extremely pleased with you.
You were very hungry.

You visited 2 branches of the dungeon, and saw 15 of its levels.
You visited the Abyss 1 time.
You also visited: Ossuary.

You collected 783 gold pieces.

Inventory:

Hand Weapons
 y - a +2 war axe of holy wrath (weapon)
 E - a +0 war axe
Missiles
 r - 11 tomahawks
 R - 2 poisoned tomahawks (quivered)
Armour
 h - a +2 pair of boots (worn)
 n - a +4 chain mail of fire resistance (worn)
 t - a +2 pair of gloves (worn)
 u - the +3 hat of Pondering (worn) {ponderous, MR+ MP+10 Int+5}
   (You took it off Gastronok on level 2 of the Lair of Beasts)

   It affects your intelligence (+5).
   It affects your resistance to hostile enchantments.
   It affects your magic capacity (+10).
 J - a +2 shield (worn)
 K - a +0 cloak (worn)
Jewellery
 p - a ring of see invisible (left hand)
 F - a ring of magical power (right hand)
 L - an amulet of regeneration (around neck)
 V - a +4 ring of intelligence {unknown}
Wands
 b - a wand of digging (24/24)
 d - a wand of confusion (24/48)
 H - a wand of flame (21/48)
 I - a wand of random effects (31/48)
 M - a wand of random effects (28/48)
 Q - a wand of acid (9/15)
 T - a wand of iceblast (5/15)
Scrolls
 f - a scroll of fog
 o - 4 scrolls of magic mapping
 q - 3 scrolls of amnesia
 w - 4 scrolls of recharging
 x - 5 scrolls of remove curse
 B - a scroll of teleportation
 D - 2 scrolls of blinking
 P - a scroll of fear
 S - a scroll of identify
Potions
 e - a potion of heal wounds
 g - 4 potions of flight
 j - 3 potions of cancellation
 k - 5 potions of curing
 m - 2 potions of magic
 s - a potion of lignification {unknown}
 z - 4 potions of haste
 A - 2 potions of agility
 C - a potion of resistance
 G - a potion of berserk rage
Books
 a - a book of Debilitation

   Spells                             Type                      Level
   a - Corona                         Hexes                        1
   b - Slow                           Hexes                        2
   c - Inner Flame                    Hexes/Fire                   3
   d - Portal Projectile              Hexes/Translocation          3
   e - Cause Fear                     Hexes                        4
   f - Leda's Liquefaction            Hexes/Earth                  4
 O - a book of Callings

   Spells                             Type                      Level
   a - Summon Small Mammal            Summoning                    1
   b - Call Imp                       Summoning                    2
   c - Call Canine Familiar           Summoning                    3
   d - Summon Guardian Golem          Hexes/Summoning              3
   e - Summon Lightning Spire         Summoning/Air                4
   f - Summon Ice Beast               Ice/Summoning                4
Comestibles
 c - 10 bread rations
 i - 4 meat rations
 l - 6 royal jellies
 v - 13 fruits
 U - 5 chunks of flesh


   Skills:
 + Level 10.1 Fighting
 + Level 14.4 Axes
 + Level 2.1 Throwing
 * Level 13.6 Armour
 + Level 5.7 Dodging
 + Level 6.8 Shields
 * Level 10.2 Invocations


You had 12 spell levels left.
You didn't know any spells.

Dungeon Overview and Level Annotations

Branches:
Dungeon (9/15)             Temple (0/1) D:7            Lair (6/6) D:9
  Swamp (0/4) Lair:4       Spider (0/4) Lair:4        Slime (0/5) Lair:5
    Orc: D:9-12

Altars:
Ashenzari
Cheibriados
Gozag
Makhleb
Nemelex Xobeh
Trog
Uskayaw
Vehumet
Xom
Zin

Shops:
D:4 *


Innate Abilities, Weirdness & Mutations

You reflexively headbutt those who attack you in melee.
You have a pair of horns on your head.
You are partially covered in molten scales. (AC +2)
You are partially covered in yellow scales. (AC +2)
You are robust. (+10% HP)
Your spells are a little harder to cast, but a little more powerful.


Message History

The entropy weaver hits you but does no damage.
The entropy weaver barely misses you.
You hit the entropy weaver but do no damage.
The entropy weaver is heavily wounded.
The entropy weaver hits you!
* * * LOW HITPOINT WARNING * * *
You block the entropy weaver's attack. x2; The entropy weaver hits you!
* * * LOW HITPOINT WARNING * * *
You closely miss the entropy weaver.
The entropy weaver is heavily wounded.
You block the entropy weaver's attack.
The entropy weaver hits you but does no damage.
The entropy weaver misses you.
The entropy weaver completely misses you.
You hit the entropy weaver but do no damage.
The entropy weaver is heavily wounded.
You block the entropy weaver's attack. The entropy weaver hits you!
* * * LOW HITPOINT WARNING * * *
The entropy weaver hits you!
You die...

### ### #### ###.## #.#####
####.P##
###....#########..P..#####..#P.#.
#....#..#.##...........##......P.
#................................
.................................
..........<......................
...................<.....P.......
...........#.#..@........##......
..........####..a§...............
...........#.....................
.................................
....................†............
...#.#...........................
..#.....................#........
.................................
.................................


You could see an entropy weaver.

Vanquished Creatures
  Gastronok (Lair:2)
  Harold (Lair:3)
  A two-headed ogre (D:9)
  2 oklob plants
  5 elephants (Lair:5)
  2 black mambas
  10 spiny frogs
  7 komodo dragons
  3 rime drakes
  A polar bear (Lair:5)
  A hornet (D:9)
  Prince Ribbit (Lair:3)
  3 blink frogs (Lair:3)
  4 hippogriffs
  7 dream sheep (Lair:5)
  18 yaks
  A redback (Lair:4)
  A wyvern (Lair:5)
  Eustachio (D:4)
  A basilisk (Lair:3)
  A hungry ghost (D:8)
  5 soldier ants
  12 water moccasins
  Duvessa (D:6)
  6 porcupines
  A necrophage (D:6)
  3 orc warriors
  3 sky beasts
  2 ice beasts (D:6)
  3 phantoms
  2 ogres
  3 black bears (D:9)
  6 wolves (Lair:3)
  A centaur (D:9)
  2 big kobolds
  13 crocodiles
  A gnoll sergeant (D:9)
  12 bullfrogs
  2 jellies (D:7)
  Dowan (D:6)
  2 wyvern skeletons
  5 scorpions
  2 howler monkeys (D:4)
  3 wights (D:6)
  An electric eel (Lair:5)
  2 crimson imps
  5 centaur zombies (Ossuary)
  4 bullfrog zombies
  A quasit (D:9)
  3 orc priests
  5 hounds
  2 iguanas
  A bullfrog skeleton (D:8)
  12 orc wizards
  21 worker ants
  2 killer bee zombies
  A hound zombie (Ossuary)
  14 mummies (Ossuary)
  2 hound skeletons
  A howler monkey zombie (Ossuary)
  5 worker ant zombies
  5 gnolls (D:9)
  13 adders
  2 shadow imps
  3 adder zombies
  An ooze (D:3)
  4 worms
  2 dart slugs
  8 leopard geckos
  51 orcs
  5 bats
  7 giant cockroaches
  10 goblins
  6 hobgoblins
  13 jackals
  4 quokkas
  A ball python (D:7)
  4 frilled lizards
  12 kobolds
  A leopard gecko skeleton (D:6)
  4 leopard gecko zombies
  A quokka zombie (D:8)
  12 rats
  4 fungi
418 creatures vanquished.

Vanquished Creatures (others)
  An entropy weaver (Lair:5)
  5 hydras
  2 oklob plants (Lair:5)
  A soldier ant (Lair:5)
  An orc wizard (D:8)
  33 fungi
  9 plants
  A withered plant (Ossuary)
53 creatures vanquished.

Grand Total: 471 creatures vanquished

Notes
Turn   | Place    | Note
-------+----------+-------------------------------------------
     0 | Abyss:1  | Gargoyl the Minotaur Abyssal Knight began the quest for the Orb.
     0 | Abyss:1  | Reached XP level 1. HP: 19/19 MP: 1/1
   118 | Abyss:1  | Noticed a large abomination
   123 | Abyss:1  | Noticed a small abomination
   125 | D:1      | Escaped the Abyss
   176 | D:1      | Reached * piety under Lugonu
   431 | D:1      | Reached XP level 2. HP: 27/27 MP: 2/2
  1061 | D:2      | Reached XP level 3. HP: 29/33 MP: 3/3
  1296 | D:2      | Reached skill level 3 in Axes
  1799 | D:2      | Reached XP level 4. HP: 33/41 MP: 4/4
  1840 | D:2      | Reached ** piety under Lugonu
  2369 | D:3      | Gained mutation: Your spells are a little harder to cast, but a little more powerful. [potion of mutation]
  2369 | D:3      | Gained mutation: Your flesh is heat resistant. (rF+) [potion of mutation]
  2369 | D:3      | Gained mutation: You are robust. (+10% HP) [potion of mutation]
  2561 | D:3      | Found a snail-covered altar of Cheibriados.
  2574 | D:3      | Reached XP level 5. HP: 47/51 MP: 5/5
  2916 | D:4      | Reached skill level 4 in Axes
  3038 | D:4      | Found an opulent altar of Gozag.
  3039 | D:4      | Found Gozag's Platinum Reserve.
  3092 | D:4      | Found a bloodstained altar of Trog.
  3148 | D:4      | Reached XP level 6. HP: 54/58 MP: 7/7
  3253 | D:4      | Reached skill level 5 in Fighting
  3301 | D:4      | Reached skill level 5 in Armour
  3706 | D:4      | Reached *** piety under Lugonu
  3875 | D:4      | Reached skill level 5 in Axes
  3875 | D:4      | Reached XP level 7. HP: 63/67 MP: 8/8
  4068 | D:4      | Noticed Eustachio
  4097 | D:4      | Killed Eustachio
  4341 | D:5      | Entered Level 5 of the Dungeon
  5290 | D:6      | Found a glowing silver altar of Zin.
  5290 | D:6      | Noticed Dowan
  5294 | D:6      | Noticed Duvessa
  5303 | D:6      | Killed Duvessa
  5303 | D:6      | Reached skill level 1 in Throwing
  5309 | D:6      | Killed Dowan
  5309 | D:6      | Reached XP level 8. HP: 70/75 MP: 9/9
  5350 | D:6      | Reached skill level 6 in Axes
  5650 | D:6      | Reached skill level 7 in Axes
  6593 | D:7      | Reached XP level 9. HP: 78/82 MP: 11/11
  6622 | D:7      | Reached **** piety under Lugonu
  6640 | D:7      | Found a sand-covered staircase.
  6648 | Ossuary  | Entered an ossuary
  6682 | Ossuary  | Reached skill level 5 in Invocations
  6723 | Ossuary  | Reached skill level 8 in Axes
  7547 | D:7      | Found a staircase to the Ecumenical Temple.
  7747 | D:7      | Found a radiant altar of Vehumet.
  7793 | D:7      | Reached skill level 9 in Axes
  7833 | D:7      | Gained mutation: You are agile. (Dex +2) [mutagenic meat]
  7834 | D:7      | Gained mutation: Your spells are harder to cast, but more powerful. [mutagenic meat]
  7835 | D:7      | Lost mutation: Your flesh is heat resistant. (rF+) [mutagenic meat]
  7836 | D:7      | Gained mutation: Your body sometimes deteriorates upon taking damage. [mutagenic meat]
  7837 | D:7      | Gained mutation: You are partially covered in thin metallic scales. (AC +2) [mutagenic meat]
  7875 | D:7      | Lost mutation: Your body sometimes deteriorates upon taking damage. [potion of mutation]
  7875 | D:7      | Lost mutation: You are agile. (Dex +2) [potion of mutation]
  7875 | D:7      | Lost mutation: You are partially covered in thin metallic scales. (AC +2) [potion of mutation]
  7875 | D:7      | Gained mutation: You have a pair of large horns on your head. [potion of mutation]
  7875 | D:7      | Lost mutation: Your spells are harder to cast, but more powerful. [potion of mutation]
  7875 | D:7      | Gained mutation: You are partially covered in molten scales. (AC +2) [potion of mutation]
  7875 | D:7      | Gained mutation: You are partially covered in yellow scales. (AC +2) [potion of mutation]
  7940 | D:7      | Found a shattered altar of Ashenzari.
  7948 | D:7      | Found a sparkling altar of Nemelex Xobeh.
  8203 | D:7      | Got a faintly humming buckler
  8209 | D:7      | Identified the +1 buckler "Denaequmm" {+Blink rF+ Slay-5} (You found it on level 7 of the Dungeon)
  8386 | D:8      | Reached ***** piety under Lugonu
  8786 | D:8      | Reached skill level 10 in Axes
  8964 | D:8      | Reached XP level 10. HP: 69/94 MP: 13/13
  9212 | D:9      | Reached skill level 10 in Armour
  9231 | D:9      | Lost mutation: You have a pair of large horns on your head. [mutagenic meat]
  9464 | D:9      | Noticed a two-headed ogre
  9476 | D:9      | Killed a two-headed ogre
  9484 | D:9      | Reached skill level 11 in Axes
  9744 | D:9      | Found a staircase to the Lair.
 10201 | D:9      | Reached skill level 1 in Shields
 10249 | D:9      | Found a burning altar of Makhleb.
 10303 | D:9      | Found a shimmering altar of Xom.
 10313 | D:9      | Found a hide-covered altar of Uskayaw.
 10491 | Lair:1   | Entered Level 1 of the Lair of Beasts
 10783 | Lair:1   | Noticed a spiny frog
 10791 | Lair:1   | Killed a spiny frog
 10947 | Lair:1   | Noticed an eight-headed hydra
 10948 | Lair:1   | Banished an eight-headed hydra
 11098 | Lair:1   | Reached XP level 11. HP: 97/103 MP: 15/15
 11410 | Lair:2   | Noticed a six-headed hydra
 11410 | Lair:2   | Noticed Gastronok
 11411 | Lair:2   | Banished a six-headed hydra
 11412 | Lair:2   | Noticed Harold
 11540 | Lair:3   | Reached skill level 5 in Dodging
 11698 | Lair:2   | Noticed Prince Ribbit
 11708 | Lair:3   | Killed Harold
 11708 | Lair:3   | Reached skill level 12 in Axes
 11924 | Lair:3   | Killed Prince Ribbit
 12097 | Lair:2   | Killed Gastronok
 12805 | Lair:3   | Noticed an oklob plant
 12845 | Lair:3   | Killed an oklob plant
 12901 | Lair:3   | Reached skill level 13 in Axes
 13134 | Lair:3   | Reached XP level 12. HP: 114/114 MP: 17/17
 13224 | Lair:3   | Noticed a four-headed hydra
 13225 | Lair:3   | Banished a four-headed hydra
 13319 | Lair:3   | Reached skill level 5 in Shields
 13847 | Lair:4   | Found a staircase to the Swamp.
 14105 | Lair:4   | Found a hole to the Spider Nest.
 14332 | Lair:4   | Noticed a five-headed hydra
 14345 | Lair:4   | Banished a five-headed hydra
 14977 | Lair:5   | Noticed a four-headed hydra
 14978 | Lair:5   | Banished a four-headed hydra
 15362 | Lair:5   | Reached skill level 14 in Axes
 15654 | Lair:5   | Found a staircase to the Slime Pits.
 15766 | Lair:5   | Reached XP level 13. HP: 122/124 MP: 19/19
 15793 | Lair:5   | Reached skill level 10 in Fighting
 16124 | Lair:6   | Entered Level 6 of the Lair of Beasts
 16147 | Lair:6   | Reached skill level 10 in Invocations
 16254 | Lair:6   | Noticed an entropy weaver
 16254 | Lair:6   | Noticed an entropy weaver
 16430 | Lair:5   | Banished an entropy weaver
 16442 | Lair:5   | Slain by an entropy weaver

Skill      XL: |  1  2  3  4  5  6  7  8  9 10 11 12 13 |
---------------+----------------------------------------+-----
Invocations    | 2 3 4 6 7 8 9 10 | 10.2
Fighting       | 4 5 7 9 10 | 10.1
Armour         | 3 4 5 7 8 9 11 12 13 | 13.6
Axes           | 3 4 5 7 10 11 13 14 | 14.4
Dodging        | 2 3 4 5 |  5.7
Throwing       | 1 2 |  2.1
Shields        | 2 4 6 |  6.8

Action                   |  1- 3 |  4- 6 |  7- 9 | 10-12 | 13-15 || total
-------------------------+-------+-------+-------+-------+-------++-------
Melee: Hand axe          |    81 |   165 |   399 |    16 |       ||   661
       Headbutt          |     7 |    34 |   110 |   156 |    30 ||   337
       War axe           |       |       |   124 |   645 |   160 ||   929
Throw: Tomahawk          |       |       |    11 |    12 |       ||    23
Invok: Depart the Abyss  |     1 |       |       |       |       ||     1
       Banish            |       |       |       |    11 |     8 ||    19
  Use: Scroll            |     5 |     7 |    14 |     9 |     1 ||    36
       Potion            |       |     1 |     2 |     2 |       ||     5
  Eat: Chunk             |     3 |     6 |    19 |    28 |     5 ||    61
       Bread ration      |       |       |     2 |       |       ||     2
Armor: Leather armour    |    19 |       |       |       |       ||    19
       Ring mail         |    24 |    68 |       |       |       ||    92
       Chain mail        |       |     7 |   385 |   468 |   120 ||   980
Dodge: Dodged            |    62 |   106 |   249 |   222 |    61 ||   700
Block: Shield            |       |       |       |   319 |   128 ||   447
